[Event "*** Titled Tuesday Blitz"]
[Site "Chess.com"]
[Date "2021.03.16"]
[Round "9"]
[White "ChrisTool2"]
[Black "HackingKid98"]
[Result "1-0"]
[WhiteElo "2354"]
[BlackElo "2430"]
[TimeControl "180+1"]
[EndTime "11:45:55 PDT"]
[Termination "ChrisTool2 won on time"]

1. d4 d5 2. c4 e6 3. Nc3 c6 4. Nf3 dxc4 5. g3 b5 6. Bg2 Bb7 7. O-O a6 8. e4 Nf6 9. e5 Nd5 10.
Ne4 h6 11. Qe2 Nd7 12. b3 cxb3 13. axb3 c5 14. Bb2 Qb6 15. Rfd1 Be7 16. dxc5 Nxc5 17. Bd4 O-O 18. Rac1 Rfc8 19. Nd6 Bxd6 20. exd6 Qxd6 21. Ne5 Nxb3 22. Rxc8+ Rxc8 23. Qf3 Nxd4 24. Qxf7+ Kh8 25. Qxb7 Qxe5 26. Qxc8+ Kh7 27. Qc5 Ne2+ 28. Kf1 Nec3 29. Re1 Qh5 30. h4 b4 31. Bxd5 Nxd5 32. Rxe6 Qd1+ 33.
Kg2 b3 34. Rd6 b2 35. Rxd5 Qxd5+ 36. Qxd5 b1=Q 37. h5 Qc2 38. g4 Qc8 39. Qe4+ Kg8 40. Kg3 Kh8 41. Qe5 Qb7 42. f3 Qf7 43. Qb8+ Kh7 44.
Qb1+ Kg8 45. Qd3 Qa7 46. Qd8+ Kf7 47. Qd3 Ke7 48. Qe4+ Kd7 49. Qg6 Qc7+ 50. Kh3 Qd6 51. Qxg7+ Kc6 52. Qc3+ Kb6 53. Qe3+ Qc5 54. Qxh6+ Kb5 55.
Qd2 a5 56. h6 Qg1 57. Qb2+ Kc4 58. Qa2+ Kb4 59. Qb2+ Kc4 60. Qc2+ Kb4 61. Qg2 Qxg2+ 62. Kxg2 a4 63. h7 a3 64. h8=Q a2 65. Qa1 Kb3 66. Kf2 Kc2 67. Ke2 Kb3 68. Kd2 Kc4 69. Kc2 1-0

[Event "*** Titled Tuesday Blitz"]
[Site "Chess.com"]
[Date "2021.03.16"]
[Round "9"]
[White "ridnani2021"]
[Black "FMJoseHerrera"]
[Result "1/2-1/2"]
[WhiteElo "2347"]
[BlackElo "2497"]
[TimeControl "180+1"]
[EndTime "11:45:55 PDT"]
[Termination "Game drawn by agreement"]

1. e4 c5 2. Nf3 e6 3. b3 b6 4. Bb2 Bb7 5. Nc3 a6 6. g3 Qc7 7.
Bg2 d6 8. O-O Nf6 9. Re1 Nbd7 10. d4 cxd4 11. Nxd4 Be7 12. a4 Rc8 13. h3 h6 14. Qd2 g5 15. Rac1 Ne5 16. Nf3 Nxf3+ 17. Bxf3 g4 18. hxg4 Nd7 19. Nd5 exd5 20. Bxh8 Bg5 21.
Qe2 Bxc1 22. exd5+ Ne5 23. Rxc1 Qc3 24. Bxe5 dxe5 25. Be4 Kf8 26. Qe3 Qxe3 27. fxe3 b5 28. axb5 axb5 29. c4 Rc5 30. Rc2 bxc4 31. Rxc4 Rb5 32. d6 Rxb3 33. Bxb7 Rxb7 34. Rc8+ Kg7 35. Rc7 Rb1+ 36. Kg2 Rd1 37. d7 e4 38. Kf2 Rd2+ 39. Ke1 Rd3 40. Ke2 Kg6 41. Rc4 Rxd7 42. Rxe4 Kg5 43.
Rf4 f6 44. Kf3 Rd1 45. Rf5+ Kg6 46. Ra5 Rf1+ 47. Kg2 Re1 48. Kf3 Rf1+ 49. Kg2 Re1 50. Kf2 Rc1 51. Rb5 Rc2+ 52. Kf3 Rc1 53. e4 Rf1+ 54. Ke3 Re1+ 55. Kd4 Rd1+ 56. Ke3 Re1+ 57.
Kf2 Rxe4 58. Kf3 Rc4 59. Rd5 Rc3+ 60. Kg2 Rb3 61. Kf2 Ra3 62. Kg2 Ra4 63. Kf3 Ra1 64. Ke3 Rf1 65. Rd4 Kg5 66. Ke2 Ra1 67. Kf3 Ra3+ 68.
Kf2 Rc3 69. Rf4 Rd3 70. Rf5+ Kxg4 71. Rxf6 h5 72. Rf4+ Kg5 73. Kg2 Rd2+ 74. Kh3 Rd1 75. Ra4 Rh1+ 76. Kg2 Rb1 77. Ra5+ Kg6 78. Ra6+ 1/2-1/2

[Event "*** Titled Tuesday Blitz"]
[Site "Chess.com"]
[Date "2021.03.16"]
[Round "9"]
[White "Sergey85Rodchenkov"]
[Black "sokidze"]
[Result "0-1"]
[WhiteElo "2536"]
[BlackElo "2703"]
[TimeControl "180+1"]
[EndTime "11:46:01 PDT"]
[Termination "sokidze won on time"]

1. e4 c5 2. Nf3 Nc6 3. d4 cxd4 4.
Nxd4 g6 5. Nc3 Bg7 6. Nb3 d6 7. Be2 Nf6 8. O-O O-O 9. Re1 a6 10. Bg5 b5 11. Bf1 Bb7 12. Qd2 Nd7 13. Bh6 Nc5 14.
Bxg7 Kxg7 15. Rad1 Ne6 16. Nd5 Rc8 17. h4 Ne5 18. c3 Nc4 19. Bxc4 bxc4 20. Nd4 Nc5 21. h5 e6 22. h6+ Kg8 23. Nb4 a5 24.
Nbc2 Nxe4 25. Qe3 d5 26. f3 Nd6 27. Qe5 Ne8 28. Ne3 Qf6 29. Qg3 Kh8 30. Ng4 Qg5 31.
Re5 Qe7 32. Rde1 Rd8 33. R5e2 Qd6 34. Qh4 Qd7 35. Ne5 Qc7 36. Qf4 Kg8 37. Qh4 Bc8 38. Ng4 Nd6 39. Nf6+ Kh8 40. g4 Qe7 41. g5 Nb7 42. f4 Nc5 43. Nf3 Ne4 44. Ne5 Nxf6 45. gxf6 Qc5+ 46. Kh2 d4 47. Rd2 Bb7 48. Red1 d3 49.
Re1 Qd5 50. Qg3 a4 51. a3 Ba8 52. Qe3 Rb8 53. Rf1 Rb7 54. Kg3 Rfb8 55. Rff2 Kg8 56.
Ng4 Qh1 57. Nh2 Qg1+ 58. Kh3 Rc7 59. Ng4 Qh1+ 60. Kg3 Rcb7 61. Ne5 Rb3 62. Rh2 Qd5 63. Rhf2 R3b7 64. Rh2 Rc7 65. Rhf2 Qb7 66. Rf1 Qb6 67. Re1 Bd5 0-1

[Event "*** Titled Tuesday Blitz"]
[Site "Chess.com"]
[Date "2021.03.16"]
[Round "9"]
[White "DenLaz"]
[Black "Jospem"]
[Result "1/2-1/2"]
[WhiteElo "2863"]
[BlackElo "2937"]
[TimeControl "180+1"]
[EndTime "11:46:16 PDT"]
[Termination "Game drawn by repetition"]

1. d4 Nf6 2. c4 e6 3. Nf3 Bb4+ 4. Bd2 Qe7 5. g3 Bxd2+ 6. Qxd2 Nc6 7. Nc3 d5 8. cxd5 exd5 9. Bg2 O-O 10. O-O Bg4 11.
e3 Rad8 12. Rfc1 a6 13. Ne1 Na7 14. Nd3 c6 15. f3 Bf5 16. Nf2 Nb5 17. Re1 Qd7 18.
Rad1 Rfe8 19. Ne2 Nd6 20. b3 h6 21. g4 Bh7 22. Nf4 Qc7 23. h3 Re7 24. Re2 Rde8 25. Rde1 Qb6 26. h4 Nd7 27. e4 dxe4 28. fxe4 Nb5 29.
Rd1 Nf8 30. g5 hxg5 31. hxg5 Ng6 32. Nxg6 Bxg6 33. a4 Nd6 34. Qf4 Rd8 35. Rd3 Ne8 36.
Red2 Red7 37. Qe3 Nc7 38. Bh3 Re7 39. Qf4 Qa5 40. Qh4 Ree8 41. Bg2 Ne6 42. Nh3 Qb6 43. Qf2 Qa5 44. d5 cxd5 45. Rxd5 Qc7 46. Rxd8 Rxd8 47. Rxd8+ Qxd8 48. Qe3 Qd1+ 49. Kh2 Qd6+ 50. e5 Qc7 51. Nf2 b5 52. axb5 axb5 53. Bd5 Bf5 54. Kg3 g6 55. b4 Ng7 56. Qd4 Bd7 57. Be4 Ne6 58. Qd6 Qxd6 59. exd6 Nxg5 60. Kf4 Ne6+ 61. Ke5 Kg7 62. Nd3 f6+ 63.
Kd5 Kf7 64. Nc5 Nf4+ 65. Kd4 Ke8 66. Ke3 g5 67. Bf3 Kd8 68. Kd4 Ne6+ 69. Kd5 Nf4+ 70.
Kd4 Ke8 71. Ne4 Kf7 72. Nc5 Ke8 73. Ne4 Kf7 74. Nc5 Ne6+ 75. Kd5 Nf4+ 76. Kd4 1/2-1/2

[Event "*** Titled Tuesday Blitz"]
[Site "Chess.com"]
[Date "2021.03.16"]
[Round "9"]
[White "PavelChernomordik"]
[Black "nss13"]
[Result "0-1"]
[WhiteElo "2403"]
[BlackElo "2593"]
[TimeControl "180+1"]
[EndTime "11:46:20 PDT"]
[Termination "nss13 won on time"]

1. e4 c5 2. Nc3 Nc6 3. Bb5 Nd4 4. Bc4 g6 5. Nge2 Bg7 6. Nxd4 cxd4 7. Qf3 Nf6 8. Nb5 O-O 9. Nxd4 Qc7 10. d3 d6 11.
O-O Ng4 12. c3 d5 13. Bf4 Be5 14. Nb5 Qb8 15. Bxd5 Bxf4 16. g3 Be5 17. d4 Bg7 18. e5 a6 19. Na3 Kh8 20. Qd3 Be6 21. Bg2 Bf5 22. Be4 Bxe4 23. Qxe4 f5 24. Qe2 e6 25. f4 b5 26. Nc2 Qb7 27. Qg2 Qxg2+ 28. Kxg2 Rfd8 29. h3 Nh6 30. Ne3 Rac8 31. Rac1 Ng8 32.
Rfd1 Bf8 33. Kf3 Ne7 34. b3 Nc6 35. d5 exd5 36. Rxd5 Rxd5 37. Nxd5 Nd8 38. Ke3 Ne6 39. Kd3 Bc5 40. c4 b4 41. Ke2 Kg8 42. Rd1 Kf7 43.
Nf6 Rc7 44. Rd5 h6 45. h4 g5 46. fxg5 hxg5 47. h5 f4 48. Kf3 fxg3 49. Kxg3 Nf4 50.
Rd7+ Rxd7 51. Nxd7 Bf8 52. Nxf8 Kxf8 53. Kg4 Ne6 54. Kf5 Nc5 55. h6 a5 56. Kg6 Kg8 57. Kf6 g4 58. e6 Nxe6 59. Kxe6 g3 60. c5 g2 61. c6 g1=Q 62. c7 Qc5 63. Kd7 Qd5+ 64.
Kc8 Qc6 65. Kb8 Qb6+ 66. Kc8 Kh7 67. Kd7 Qd4+ 68. Kc8 Kxh6 69. Kb7 Qd5+ 70. Kb8 Qb5+ 0-1

[Event "*** Titled Tuesday Blitz"]
[Site "Chess.com"]
[Date "2021.03.16"]
[Round "9"]
[White "ChessLover0108"]
[Black "BogdanDeac"]
[Result "0-1"]
[WhiteElo "2769"]
[BlackElo "2975"]
[TimeControl "180+1"]
[EndTime "11:46:28 PDT"]
[Termination "BogdanDeac won on time"]

1. Nf3 d5 2. d4 Nf6 3. c4 e6 4.
Nc3 Bb4 5. Bg5 h6 6. Bxf6 Qxf6 7. Qa4+ Nc6 8. e3 O-O 9. Bd3 Bd7 10. Qb3 dxc4 11.
Bxc4 Bd6 12. Ne4 Qe7 13. Bd3 Bb4+ 14. Ke2 a5 15. a3 a4 16. Qc2 Bd6 17. Rac1 e5 18.
d5 Na5 19. Ng3 Nb3 20. Rcd1 g6 21. Nd2 Nc5 22. Nge4 f5 23. Nxc5 Bxc5 24. Rhe1 e4 25. Bc4 Bd6 26. g3 b5 27. Ba2 Rae8 28. Nb1 Qg5 29.
Nc3 Qh5+ 30. Kd2 Qxh2 31. Kc1 Qh5 32. Ne2 Qg5 33. Nd4 Qf6 34. Kb1 Rb8 35. Nc6 Bxc6 36. dxc6+ Kg7 37. Rd4 b4 38. axb4 Rxb4 39. Rxb4 Bxb4 40.
Rd1 Bd6 41. Qxa4 Rb8 42. Rd2 h5 43. Qc4 Kh6 44. Kc1 Rb6 45. Rc2 Be5 46. b4 h4 47.
gxh4 Qxh4 48. Rd2 Qf6 49. b5 Rb8 50. Bb3 Ra8 51. Ba4 Bd6 52. Kb1 Be5 53. Rd1 f4 54. Qxe4 fxe3 55. fxe3 Kg7 56. Rd7+ Kf8 57. Kc2 Qf2+ 58.
Rd2 Qf6 59. Bb3 Bd6 60. Qc4 Kg7 61. Qd4 Qxd4 62. Rxd4 Be5 63. Rd7+ Kf6 64. Rf7+ Kg5 65. Bc4 Rd8 66. e4 Rd4 67. Bd5 Rb4 68. Re7 Kf4 69.
Rf7+ Ke3 70. Re7 Rb2+ 71. Kc1 Bd4 72. Rxc7 Rxb5 73. Rf7 Kd3 74. Rf3+ Be3+ 0-1

[Event "*** Titled Tuesday Blitz"]
[Site "Chess.com"]
[Date "2021.03.16"]
[Round "9"]
[White "RamyresCoelho"]
[Black "dosto07"]
[Result "0-1"]
[WhiteElo "2103"]
[BlackElo "2356"]
[TimeControl "180+1"]
[EndTime "11:46:33 PDT"]
[Termination "dosto07 won by checkmate"]

1. e4 e5 2. Nf3 Nc6 3. d4 exd4 4. Bc4 Bc5 5. O-O d6 6. c3 Nf6 7. cxd4 Bb6 8. Nc3 O-O 9. Bg5 h6 10. Bxf6 Qxf6 11. Nd5 Qg6 12. Qd3 Re8 13. Nxb6 axb6 14. Nd2 Na5 15. f4 Nxc4 16. Qxc4 c6 17. f5 Qg5 18.
Qd3 b5 19. Nf3 Qf6 20. a3 d5 21. Ne5 dxe4 22. Qxe4 Qd6 23. f6 Qd5 24. Qxd5 cxd5 25.
fxg7 Be6 26. Rac1 Rac8 27. h3 Kxg7 28. Nd3 b6 29. Ne5 Re7 30. Rxc8 Bxc8 31. Rf2 Rc7 32.
Kh2 Be6 33. Kg3 f6 34. Nf3 Rc4 35. Kh2 Bf7 36. Rd2 Bg6 37. Nh4 Be4 38. Nf3 Kf7 39. Kg3 Ke6 40. Kf4 b4 41. axb4 Rxb4 42. Ke3 Rb3+ 43.
Kf2 Bxf3 44. gxf3 Kf5 45. Kg3 h5 46. h4 b5 47. Rc2 b4 48. Rc5 Ke6 49. Rc6+ Kd7 50.
Rc5 Kd6 51. Rc2 Ke6 52. Re2+ Kf5 53. Rc2 Rd3 54. Rc8 Rxd4 55. Rh8 Rd2 56. Rxh5+ Ke6 57. b3 Rb2 58. Rh8 Rxb3 59. Re8+ Kf5 60. Rc8 Rb1 61. Rc2 b3 62. Rd2 b2 63. Rxd5+ Ke6 64. Rb5 Rg1+ 65. Kf4 b1=Q 66. Rc5 Qc1+ 67. Rxc1 Rxc1 68. h5 Rh1 69. Kg4 Kf7 70. f4 Kg7 71. f5 Kh6 72. Kf4 Rxh5 73.
Ke4 Rg5 74. Kf4 Kh5 75. Ke4 Kg4 76. Kd5 Rxf5+ 77. Ke6 Kf4 78. Kd6 Ke4 79. Ke6 Rf1 80.
Kd6 f5 81. Ke6 f4 82. Kd6 f3 83. Kc5 f2 84. Kc4 Re1 85. Kc3 f1=Q 86. Kd2 Rd1+ 87. Kc2 Qd3+ 88. Kb2 Rb1+ 89. Ka2 Qb3# 0-1

[Event "*** Titled Tuesday Blitz"]
[Site "Chess.com"]
[Date "2021.03.16"]
[Round "9"]
[White "blitzking1729"]
[Black "Natalya_Buksa"]
[Result "1-0"]
[WhiteElo "2633"]
[BlackElo "2505"]
[TimeControl "180+1"]
[EndTime "11:46:37 PDT"]
[Termination "blitzking1729 won by resignation"]

1. c4 e6 2. Nc3 d5 3. d4 Be7 4. Nf3 Nf6 5. cxd5 exd5 6. Bf4 c6 7. Qc2 Nbd7 8. h3 O-O 9. e3 Re8 10. Bd3 Nf8 11. O-O Bd6 12. Ne5 Nh5 13. Bh2 f6 14. Nf3 g6 15. e4 Bxh2+ 16. Kxh2 Nf4 17. exd5 Nxd3 18. Qxd3 cxd5 19. Rfe1 Be6 20. Re3 Qd6+ 21.
Kg1 Bd7 22. Rae1 a6 23. Rxe8 Rxe8 24. Rxe8 Bxe8 25. Qd1 Bc6 26. a3 Ne6 27. Ne2 Bb5 28. Nc3 Bc6 29. g3 Kg7 30. Kg2 Kf7 31. h4 Ng7 32.
Qd2 Nf5 33. g4 Ne7 34. g5 Qe6 35. Qf4 Qf5 36. Kg3 Qxf4+ 37. Kxf4 Nf5 38. Nd1 h6 39. Ne3 hxg5+ 40. hxg5 Nxe3 41. fxe3 Ba4 42. Ne1 Ke6 43. Nd3 b6 44. Nf2 Bc2 45. Ng4 fxg5+ 46. Kxg5 Kf7 47. Ne5+ Kg7 48. Nd7 b5 49. b4 Kf7 50. Nc5 Ke7 51.
Nxa6 Kd6 52. Nc5 Ke7 53. Nb7 Ke6 54. Nd8+ Ke7 55. Nc6+ Kf7 56. Ne5+ Kg7 57. Ng4 Kf7 58. Kf4 Ke6 59. Kg5 Kf7 60. Nf6 Bb3 61. Nd7 Bc2 62. Kf4 Ke6 63. Nc5+ Kf6 64. e4 g5+ 65. Ke3 dxe4 66. Nxe4+ Kf5 67. Nd6+ Ke6 68. Nxb5 Kd5 69. Nc3+ Kc4 70. Ne2 Kb3 71. d5 Kxa3 72. d6 Ba4 73. Nc3 Bd7 74. b5 Kb4 75. b6 Bc8 76. b7 Bxb7 77. d7 Kxc3 78. d8=Q Ba6 79. Qf6+ Kb4 80. Qxa6 1-0

[Event "*** Titled Tuesday Blitz"]
[Site "Chess.com"]
[Date "2021.03.16"]
[Round "9"]
[White "Abund"]
[Black "Paladin61"]
[Result "1-0"]
[WhiteElo "2716"]
[BlackElo "2782"]
[TimeControl "180+1"]
[EndTime "11:46:41 PDT"]
[Termination "Abund won on time"]

1. e4 c5 2. Nf3 d6 3. Bb5+ Nd7 4. a4 Nf6 5. Nc3 g6 6. a5 Bg7 7. O-O O-O 8. Re1 a6 9. Bf1 Ng4 10. d3 Nde5 11. h3 Nxf3+ 12. Qxf3 Ne5 13. Qe2 Nc6 14. Bg5 h6 15. Bh4 Nxa5 16. Bxe7 Qxe7 17. Rxa5 b6 18. Nd5 Qd8 19. Ra3 Bb7 20. c3 b5 21.
Ne3 Qb6 22. Qd2 a5 23. g3 Rfe8 24. Bg2 Bc6 25. Raa1 a4 26. Kh2 Qb7 27. f4 Rab8 28.
f5 Kh7 29. Rf1 Qe7 30. Ng4 Qg5 31. Qf2 h5 32. f6 Bf8 33. h4 Qxg4 34. Bh3 Rxe4 35.
Bxg4 Rxg4 36. Rae1 b4 37. Re7 Bxe7 38. fxe7 Be8 39.
Qf6 bxc3 40. bxc3 Rb2+ 41. Rf2 Rxf2+ 42. Qxf2 a3 43. c4 Rd4 44. Qc2 Kg7 45. Qb3 Kf6 46.
Qxa3 Kxe7 47. Qc3 Bd7 48. Qd2 Bf5 49. Qg5+ Ke8 50. Qf6 Rxd3 51. Qh8+ Kd7 52. Qf6 Be6 53. Qf4 Rd4 54. Qf6 Rxc4 55. Kg1 Rc1+ 56. Kh2 Rc2+ 57. Kg1 c4 58. Qd4 Rc1+ 59. Kf2 Rc2+ 60. Kg1 Bf5 61. Qd5 Ke7 62. Qd4 c3 63. Qe3+ Kd7 64. Qd4 Ke6 65. Qe3+ Kd5 66. Qf3+ Kd4 67. Qf4+ Kc5 68. Qe3+ Kc6 69.
Qd4 d5 70. Qf6+ Be6 71. Qd4 Rc1+ 72. Kf2 Rc2+ 73. Ke3 Bf5 74. Qa4+ Kd6 75. Qa6+ Ke7 76. Kd4 1-0

[Event "*** Titled Tuesday Blitz"]
[Site "Chess.com"]
[Date "2021.03.16"]
[Round "9"]
[White "Margency"]
[Black "Fandorine"]
[Result "0-1"]
[WhiteElo "2724"]
[BlackElo "2877"]
[TimeControl "180+1"]
[EndTime "11:46:48 PDT"]
[Termination "Fandorine won on time"]

1. e4 c5 2. Nf3 e6 3. d4 cxd4 4. Nxd4 Nc6 5. Nc3 Qc7 6. Be3 a6 7. Qf3 Ne5 8. Qg3 Bd6 9. f4 Ng6 10. e5 Bb4 11. O-O-O Bxc3 12. bxc3 N8e7 13. c4 b5 14.
cxb5 O-O 15. h4 h5 16. Bd3 axb5 17. Nxb5 Qa5 18. a4 Qxa4 19. Nc3 Qc6 20. Kd2 Bb7 21. Rb1 Rfc8 22. Rb3 Qxg2+ 23. Qxg2 Bxg2 24. Rh2 Bf3 25. Nb5 Bd5 26. Rb4 Rcb8 27. Bc5 Bc6 28. Nd4 Rxb4 29. Bxb4 Nd5 30. Nxc6 dxc6 31. Bxg6 fxg6 32.
Bd6 Ra4 33. Rh1 Rd4+ 34. Ke2 Rxf4 35. Kd3 Rf3+ 36. Kd4 Rc3 37. Rh2 Kh7 38. Bb4 Rg3 39. Bd6 g5 40. hxg5 Kg6 41. c4 Ne3 42. Kc5 Rg4 43. Kxc6 Rxc4+ 44. Kd7 Ng4 45. Rh1 Kf5 46. Rf1+ Kxg5 47. Kxe6 h4 48. Be7+ Kg6 49. Bxh4 Nxe5 50.
Rg1+ Ng4 51. Be7 Re4+ 52. Kd7 Kf5 53. Bd8 Ne5+ 54. Kc7 Rc4+ 55. Kb6 g6 56. Rg5+ Ke6 57. Rg1 Rb4+ 58. Kc5 Rb8 59. Bc7 Rc8 60. Kb6 Nd7+ 61. Kb7 Rg8 62. Kc6 Ne5+ 63. Kc5 Rc8 64. Kb6 Nd7+ 65. Kb7 Rg8 66. Kc6 Nf6 67. Re1+ Kf7 68. Rg1 g5 69. Kd6 Re8 70. Kc6 Re6+ 71. Kc5 Kg6 72. Bd8 Kf5 73. Rf1+ Kg6 74. Rg1 Re8 75. Bc7 Re7 76. Bd8 Rd7 77. Bb6 Rd5+ 78. Kc6 Re5 79.
Bd4 Re6+ 80. Kc5 Nh5 81. Kd5 Nf4+ 82. Kc4 Kf5 83. Rf1 Re4 84. Kc5 g4 85. Bf2 Nd3+ 86. Kd5 Rf4 0-1

[Event "*** Titled Tuesday Blitz"]
[Site "Chess.com"]
[Date "2021.03.16"]
[Round "9"]
[White "gurelediz"]
[Black "XDPS"]
[Result "1/2-1/2"]
[WhiteElo "2679"]
[BlackElo "2805"]
[TimeControl "180+1"]
[EndTime "11:47:00 PDT"]
[Termination "Game drawn - insufficient material"]

1. e4 e5 2. Nf3 Nc6 3. Bb5 a6 4. Ba4 d6 5. O-O Bd7 6. c3 g6 7. d4 Bg7 8. d5 Nce7 9. Bxd7+ Qxd7 10. c4 h6 11. Nc3 f5 12. b4 Nf6 13. Qc2 O-O 14. Nd2 f4 15. f3 g5 16. c5 h5 17. Nc4 Rad8 18. Qa4 Qc8 19. b5 Nd7 20. Ba3 Nxc5 21. Bxc5 dxc5 22. bxa6 bxa6 23. Qa5 g4 24. Qxc5 Ng6 25. Rac1 gxf3 26. gxf3 Nh4 27. Kh1 Qh3 28. Qf2 Kh7 29. Ne2 Bf6 30. Nxe5 Bxe5 31. Ng1 Qg2+ 32. Qxg2 Nxg2 33. Kxg2 Rg8+ 34. Kh1 Rb8 35. Rb1 Rb5 36. a4 Ra5 37. Rb4 Bd6 38. Rc4 Rb8 39.
Nh3 Kg6 40. Rg1+ Kf6 41. Rg5 Rb1+ 42. Kg2 Rb2+ 43. Kh1 Rb1+ 44. Kg2 Rb2+ 45. Kf1 Rxh2 46. Rf5+ Kg6 47. Nxf4+ Bxf4 48. Rxf4 Ra2 49. Rf5 R5xa4 50. Rc6+ Kh7 51. Rxc7+ Kg6 52. Rc6+ Kg7 53. Rg5+ Kf7 54.
Rxh5 Rb4 55. Rh7+ Kg8 56. Rhc7 Rb1+ 57. Rc1 Rbb2 58. Rc8+ Kf7 59. e5 Rf2+ 60. Kg1 Rg2+ 61. Kh1 Rh2+ 62. Kg1 Rag2+ 63. Kf1 Rf2+ 64. Ke1 Re2+ 65.
Kd1 Rxe5 66. R1c7+ Kg6 67. Rg8+ Kf6 68. Rf8+ Kg6 69.
Rc6+ Kg7 70. Rd8 Rf5 71. Rd7+ Rf7 72. Rxf7+ Kxf7 73. Rxa6 Ke7 74. Re6+ Kd7 75. Ke1 Ra2 76. Rh6 Ke7 77. d6+ Kd7 78. f4 Rg2 79. Kf1 Rg4 80.
Rf6 Rg3 81. Kf2 Ra3 82. f5 Rb3 83. Ke2 Rh3 84. Kf2 Rb3 85. Rh6 Rc3 86. Re6 Rb3 87. Rf6 Rc3 88. Kg2 Rd3 89. Rf7+ Kxd6 90. Rf6+ Ke5 91. Re6+ Kxf5 92. Re2 Rd4 93. Rf2+ Rf4 94. Rxf4+ Kxf4 1/2-1/2

[Event "*** Titled Tuesday Blitz"]
[Site "Chess.com"]
[Date "2021.03.16"]
[Round "9"]
[White "korbul"]
[Black "VinzentSpitzl"]
[Result "0-1"]
[WhiteElo "2569"]
[BlackElo "2386"]
[TimeControl "180+1"]
[EndTime "11:47:02 PDT"]
[Termination "VinzentSpitzl won by checkmate"]

1. d4 d5 2. Nf3 Nf6 3. Bf4 c5 4. e3 Nc6 5. Nbd2 Bf5 6. c3 Qb6 7. Nh4 Bd7 8. Qb3 h6 9. Qxb6 axb6 10.
Nhf3 Bf5 11. Bc7 Nd7 12. Bb5 Rc8 13. Bg3 e6 14. O-O Be7 15. Nb3 c4 16. Nbd2 Na7 17.
Bxd7+ Kxd7 18. Ne5+ Ke8 19. e4 Bxe4 20. Nxe4 dxe4 21.
Rae1 Bf6 22. Rxe4 Bxe5 23. Bxe5 f6 24. Bg3 Kf7 25. Rfe1 Rhe8 26. h3 Nc6 27. a3 g5 28.
f4 f5 29. R4e2 Nb8 30. h4 g4 31. h5 Nd7 32. Bh4 b5 33. Kf2 Nb6 34. Re5 Nd5 35.
g3 Rc6 36. R5e2 Ra8 37. Re5 b4 38. axb4 b5 39. R5e2 Ra7 40. Re5 Rb6 41. R1e2 Rc6 42. Ke1 Rb6 43. Kd2 Rc6 44. Kc2 Rb7 45. Rxd5 exd5 46.
Re5 Rd7 47. Rxf5+ Kg7 48. Re5 Ra6 49. f5 Ra1 50. f6+ Kf7 51. Rf5 Re1 52. Rf4 Re4 53. Rf5 Re3 54. Kd2 Rf3 55. Re5 Rd6 56.
Re7+ Kf8 57. Rh7 Rf2+ 58. Ke1 Rxb2 59. Rxh6 Re6+ 60. Kf1 Ree2 61. Rh8+ Kf7 62. Rd8 Rec2 63. Rd7+ Kf8 64. Re7 Rc1+ 65. Re1 Rxe1+ 66. Kxe1 Rc2 67. h6 Kg8 68. Bg5 Rxc3 69. Bf4 Ra3 70. Be5 Kf7 71. h7 Ra8 72. Kf2 Rh8 73. Ke3 Rxh7 74. Kf4 Rh8 75. Kxg4 Rc8 76. Bf4 c3 77. Bc1 c2 78. Kf5 Rc3 79. g4 Rf3+ 80. Ke5 Rf1 81. Bg5 c1=Q 82. Bxc1 Rxc1 83. Kxd5 Rc4 84. Ke5 Rxb4 85.
g5 Rb1 86. d5 Re1+ 87. Kf5 Rf1+ 88. Ke5 b4 89. Kd6 b3 90. Kc7 b2 91. d6 b1=Q 92.
d7 Rc1+ 93. Kd6 Qd3+ 94. Ke5 Re1+ 95. Kf4 Qe4+ 96. Kg3 Rg1+ 97. Kf2 Qe1+ 98. Kf3 Rg3+ 99. Kf4 Qe3+ 100. Kf5 Rxg5# 0-1

[Event "*** Titled Tuesday Blitz"]
[Site "Chess.com"]
[Date "2021.03.16"]
[Round "10"]
[White "WilliamSchill"]
[Black "canary2016"]
[Result "1-0"]
[WhiteElo "2142"]
[BlackElo "2009"]
[TimeControl "180+1"]
[EndTime "11:50:22 PDT"]
[Termination "WilliamSchill won by checkmate"]

1. e4 c5 2. Nf3 d6 3. d4 cxd4 4. Nxd4 Nf6 5. Nc3 a6 6. Bg5 e6 7. f4 h6 8. Bh4 Qb6 9. a3 Nc6 10. Bf2 Qc7 11. g4 Be7 12. Bg2 Bd7 13. Nb3 Rc8 14. h4 e5 15. f5 Na5 16. g5 hxg5 17. hxg5 Rxh1+ 18. Bxh1 Nh7 19. g6 Ng5 20. Qh5 Bf6 21.
Qh8+ Ke7 22. Nd5# 1-0

[Event "*** Titled Tuesday Blitz"]
[Site "Chess.com"]
[Date "2021.03.16"]
[Round "10"]
[White "vugarrasulov"]
[Black "bakki78"]
[Result "1-0"]
[WhiteElo "2868"]
[BlackElo "2785"]
[TimeControl "180+1"]
[EndTime "11:50:28 PDT"]
[Termination "vugarrasulov won by resignation"]

1. d4 d6 2. e4 Nf6 3. Nc3 e5 4. dxe5 dxe5 5. Qxd8+ Kxd8 6. Bc4 Ke8 7. Nf3 Bd6 8. Bg5 Nbd7 9. O-O-O a6 10. Rhe1 h6 11. Bh4 g6 12. Nd5 Nxd5 13. Bxd5 Kf8 14. Nd2 g5 15.
Bg3 Nb6 16. Bb3 Ke7 17. f3 Be6 18. Nf1 Nc4 19. Bxc4 Bxc4 20. Ne3 Be6 21. Nd5+ Bxd5 22.
Rxd5 c6 23. Rd3 Rad8 24. Red1 Bb8 25. Bf2 h5 26. Bc5+ 1-0

[Event "*** Titled Tuesday Blitz"]
[Site "Chess.com"]
[Date "2021.03.16"]
[Round "10"]
[White "Frolyanov_D"]
[Black "elegant285"]
[Result "1-0"]
[WhiteElo "2682"]
[BlackElo "2417"]
[TimeControl "180+1"]
[EndTime "11:50:44 PDT"]
[Termination "Frolyanov_D won by resignation"]

1. e4 c5 2. Nf3 d6 3. d4 cxd4 4.
Nxd4 Nf6 5. Nc3 a6 6. g3 e5 7.
Nb3 Be6 8. Bg2 Nbd7 9. O-O Be7 10. a4 O-O 11. a5 Rc8 12. h3 Nc5 13. Be3 Qc7 14. Nd2 Rfd8 15. Qe2 d5 16. exd5 Nxd5 17.
Nxd5 Bxd5 18. Bxd5 Rxd5 19. Nc4 e4 20. Nb6 Rcd8 21.
Nxd5 Rxd5 22. Rfd1 Qd7 23. Rxd5 Qxd5 24. Rd1 Qf5 25.
Bxc5 Qxc5 26. Qxe4 g6 27. Rd7 Bf6 28. Qe8+ 1-0

[Event "*** Titled Tuesday Blitz"]
[Site "Chess.com"]
[Date "2021.03.16"]
[Round "10"]
[White "FMalexhdez"]
[Black "frequentblunders"]
[Result "1-0"]
[WhiteElo "2208"]
[BlackElo "2060"]
[TimeControl "180+1"]
[EndTime "11:51:11 PDT"]
[Termination "FMalexhdez won by resignation"]

1. e4 e6 2. d4 c5 3. Nf3 d5 4. exd5 exd5 5. Be2 Nf6 6. O-O Be7 7. dxc5 Bxc5 8. Nbd2 O-O 9. Nb3 Be7 10. Bg5 Nc6 11. c3 Bg4 12. Nbd4 h6 13. Bh4 Re8 14. h3 Bh5 15. Re1 Qb6 16. Qb3 Ne4 17. Qxb6 axb6 18. Bxe7 Rxe7 19. Nf5 Rd7 20. g4 Bg6 21.
N3d4 Bxf5 22. Nxf5 f6 23. Bf3 Nd2 24. Bg2 Kf7 25.
Rad1 1-0

[Event "*** Titled Tuesday Blitz"]
[Site "Chess.com"]
[Date "2021.03.16"]
[Round "10"]
[White "SchmakAttack"]
[Black "vinniethepooh"]
[Result "1/2-1/2"]
[WhiteElo "2601"]
[BlackElo "2709"]
[TimeControl "180+1"]
[EndTime "11:51:40 PDT"]
[Termination "Game drawn by repetition"]

1. e4 c5 2. Nf3 d6 3. d4 cxd4 4. Nxd4 Nf6 5. Nc3 a6 6. Bg5 e6 7.
f4 Nbd7 8. Qe2 Qc7 9. O-O-O b5 10. a3 Bb7 11. g4 Be7 12. Kb1 h6 13. Bh4 Rc8 14. Rg1 g5 15. fxg5 hxg5 16. Bxg5 Qb6 17. Qe1 Rxc3 18. Bxf6 Nxf6 19. Qxc3 Nxe4 20. Qe1 Bh4 21. Qe2 Bf2 22. Bg2 Bxd4 23. Bxe4 Bxe4 24. Qxe4 Bxg1 25. Qa8+ Qd8 26. Qc6+ Qd7 27. Qa8+ Qd8 28.
Qc6+ Qd7 29. Qa8+ Qd8 1/2-1/2

[Event "*** Titled Tuesday Blitz"]
[Site "Chess.com"]
[Date "2021.03.16"]
[Round "10"]
[White "MatyChess1"]
[Black "CrazyMartian"]
[Result "1-0"]
[WhiteElo "2582"]
[BlackElo "2271"]
[TimeControl "180+1"]
[EndTime "11:51:52 PDT"]
[Termination "MatyChess1 won by resignation"]

1. e4 c5 2. Nf3 d6 3. d4 cxd4 4. Nxd4 Nf6 5. Nc3 a6 6. a4 e5 7. Nf3 Qc7 8. Bg5 Nbd7 9. Nd2 Be7 10. Nc4 h6 11. Bh4 O-O 12. Ne3 Re8 13. Bc4 Nb6 14. Bb3 Be6 15. a5 Nbd7 16. O-O Rac8 17. Qf3 Nc5 18. Bxf6 Nxb3 19. Ncd5 Bxd5 20. Bxe7 Qxe7 21.
Nxd5 Qe6 22. Qxb3 1-0

[Event "*** Titled Tuesday Blitz"]
[Site "Chess.com"]
[Date "2021.03.16"]
[Round "10"]
[White "SaqoChess_Twitch"]
[Black "jacky72"]
[Result "0-1"]
[WhiteElo "2491"]
[BlackElo "2684"]
[TimeControl "180+1"]
[EndTime "11:52:02 PDT"]
[Termination "jacky72 won by resignation"]

1. d4 a6 2. e3 d5 3. Nf3 Nf6 4.
Be2 c6 5. O-O Bf5 6. b3 h6 7.
Bb2 e6 8. Ne5 Nbd7 9. f4 Be7 10.
Nd2 Ne4 11. Nxe4 Bxe4 12. Bd3 Bxd3 13. Qxd3 f5 14. Ng6 Rg8 15. Qe2 Nf6 16. c4 Bd6 17. h3 Kf7 18. Ne5+ Bxe5 19. fxe5 Ne4 20. Kh2 Qh4 21.
Rf3 g5 22. Qe1 Qxe1 23. Rxe1 g4 24. Rf4 gxh3 25. gxh3 Rg6 26. cxd5 cxd5 27. Rc1 Rag8 28. Rc7+ Ke8 29. Rc8+ Kd7 30. Rxg8 Rxg8 31. Rf1 Kc6 32. Rc1+ Kb5 33. a3 Nd2 34. a4+ Kb6 35. Bc3 Nf3+ 36.
Kh1 Rg3 37. Bb4 a5 38. Bf8 Ng5 39. Bxh6 Rxh3+ 40. Kg2 Rxh6 41. Rc8 Ne4 42. Kf3 Rh2 0-1

[Event "*** Titled Tuesday Blitz"]
[Site "Chess.com"]
[Date "2021.03.16"]
[Round "10"]
[White "eljanov"]
[Black "slavenok"]
[Result "0-1"]
[WhiteElo "2867"]
[BlackElo "2761"]
[TimeControl "180+1"]
[EndTime "11:52:11 PDT"]
[Termination "slavenok won by resignation"]

1. e4 c5 2. Nf3 a6 3. c3 e6 4. d4 cxd4 5. cxd4 d5 6. e5 Bb4+ 7. Bd2 Bxd2+ 8. Qxd2 f5 9. Nc3 Nc6 10.
Bd3 Nge7 11. O-O O-O 12. Rac1 Ng6 13. Ne2 Bd7 14. g3 Rc8 15. h4 Nh8 16. Nf4 Qe7 17. a3 Nf7 18. Rc3 Na7 19. Rfc1 Rxc3 20. Rxc3 Rc8 21.
Qc1 Rc6 22. b4 Rxc3 23. Qxc3 Bb5 24. Bxb5 axb5 25. Qc5 Qxc5 26. dxc5 Nd8 27. Nd4 Kf7 28. Nfe2 Ndc6 29. Nf3 h6 30. h5 g5 31. hxg6+ Kxg6 32. Kh2 Kf7 33. Kh3 Nc8 34. Kh4 N8e7 35. Kh5 Ng6 36.
Kxh6 Ngxe5 37. Nxe5+ Nxe5 38. Nd4 Ng4+ 39. Kg5 Nxf2 40. Nxb5 Ne4+ 41. Kf4 Kf6 42. Nd6 e5+ 43. Kf3 Nxd6 44. cxd6 Ke6 0-1